 Dungeon Crawl Stone Soup version 0.22-a0-443-g17c3723 (webtiles) character file.

33 xccam the Chopper (level 3, 0/29 HPs)
             Began as a Demonspawn Monk on June 1, 2018.
             Slain by a gnoll
             ... wielding a +0 flail
              (7 damage)
             ... on level 2 of the Dungeon.
             The game lasted 00:02:00 (1140 turns).

xccam the Chopper (Demonspawn Monk)                 Turns: 1140, Time: 00:02:01

Health: 0/29       AC:  4    Str: 12    XL:     3   Next: 12%
Magic:  3/3        EV: 13    Int: 11    God:
Gold:   90         SH:  0    Dex: 15    Spells: 2/2 levels left

rFire    . . .     SeeInvis .   a - +0 hand axe
rCold    . . .     Gourm    .   (no shield)
rNeg     + . .     Faith    .   b - +0 robe
rPois    .         Spirit   .   (no helmet)
rElec    .         Reflect  .   (no cloak)
rCorr    .         Harm     .   (no gloves)
MR       .....                  (no boots)
Stlth    ++........             (no amulet)
HPRegen  0.09/turn              d - ring of positive energy
MPRegen  0.08/turn              (no ring)

@: no status effects
A: icy blue scales 1, spiny 1
a: no special abilities


You were on level 2 of the Dungeon.
You were hungry.

You visited 1 branch of the dungeon, and saw 2 of its levels.

You collected 90 gold pieces.

Inventory:

Hand Weapons
 a - a +0 hand axe (weapon)
Armour
 b - a +0 robe (worn)
Jewellery
 d - a ring of positive energy (left hand)
Scrolls
 e - a scroll of fog {unknown}
 f - 2 scrolls of blinking {unknown}
 h - 3 scrolls of identify {unknown}
 i - a scroll of immolation {unknown}
 j - a scroll of fear {unknown}
 k - 2 scrolls of teleportation {unknown}
 l - a scroll of remove curse {unknown}
Potions
 g - a potion of might {unknown}
Comestibles
 c - 3 rations


   Skills:
 - Level 3.0 Fighting
 + Level 3.9 Axes
 - Level 2.6 Dodging
 - Level 1.7 Stealth


You had 2 spell levels left.
You didn't know any spells.
Your spell library was empty.

Dungeon Overview and Level Annotations

Branches:
Dungeon (2/15)

Altars:


Innate Abilities, Weirdness & Mutations

You are partially covered in icy blue scales. (AC +2)
You are partially covered in sharp spines.


Message History

A gnoll comes into view. It is wielding a flail.
The gnoll shouts!
You hear a shout!
You hit the gnoll but do no damage. The gnoll hits you with a flail.
You hit the gnoll but do no damage. The gnoll hits you with a flail!
* * * LOW HITPOINT WARNING * * *
You slash the gnoll!
The gnoll is heavily wounded.
The gnoll misses you.
You hit the gnoll but do no damage.
The gnoll is heavily wounded.
The gnoll closely misses you.
You hit the gnoll.
The gnoll is heavily wounded.
The gnoll misses you.
You hit the gnoll.
The gnoll is severely wounded.
You hit the gnoll.
The gnoll is severely wounded.
The gnoll hits you with a flail!
You die...

###.........####...#
#....<...>.........#
#.#.........########
#.##.......##
#.......########
....8............
#......#.########
##.....#g# ###...#@#
##..#.# #..#.#
...... ... ....#
....# ......


You could see a gnoll.

Vanquished Creatures
  An adder (D:2)
  An ooze (D:1)
  A dart slug (D:1)
  2 bats (D:1)
  2 giant cockroaches (D:1)
  A goblin (D:1)
  4 hobgoblins
  2 frilled lizards (D:1)
  3 kobolds
  A rat (D:1)
18 creatures vanquished.

Notes
Turn   | Place    | Note
-------+----------+-------------------------------------------
     0 | D:1      | xccam the Demonspawn Monk began the quest for the Orb.
     0 | D:1      | Reached XP level 1. HP: 18/18 MP: 1/1
   501 | D:1      | Gained mutation: You are partially covered in icy blue scales. (AC +2) [demonic ancestry]
   501 | D:1      | Reached XP level 2. HP: 20/24 MP: 2/2
  1123 | D:2      | Gained mutation: You are partially covered in sharp spines. [demonic ancestry]
  1123 | D:2      | Reached XP level 3. HP: 18/29 MP: 3/3
  1140 | D:2      | Slain by a gnoll

Vault maps used:
D:1:      denvon_arrival_planthouse, minmay_misc_feat_doors
D:2:      lemuel_round_altar, first_ration, serial_undead, serial_undead_c,
          serial_undead_f, serial_undead_c, serial_undead_d, serial_undead_a

Skill      XL: |  1 |
---------------+----+-----
Axes           | 3 |  3.9
Fighting       | |  3.0
Dodging        | |  2.6
Stealth        | |  1.7

Action                   || total
-------------------------++-------
Melee: Hand axe          ||    91
 Stab: Sleeping          ||     1
Armor: Robe              ||    16
Dodge: Dodged            ||    71

Table legend:
 A = Spawn XP
 B = Non-spawn XP
 C = Spawn XP percentage of total XP
 D = Spawn monster count
 E = Non-spawn monster count
 F = Spawn count percentage of total count
 G = Total turns spent on level
                    A         B        C        D         E        F      G
               +---------+---------+-------+---------+---------+-------+---------
         Total |       0 |      48 |   0.0 |       0 |      18 |   0.0 |  1140
               +---------+---------+-------+---------+---------+-------+---------
           D:1 |       0 |      31 |   0.0 |       0 |      15 |   0.0 |  1079
           D:2 |       0 |      17 |   0.0 |       0 |       3 |   0.0 |    61
               +---------+---------+-------+---------+---------+-------+---------
